 Dungeon Crawl Stone Soup version 0.31-a0-196-g86fe4a5e66 (webtiles) character file.

Game seed: 16379376959928156988

259 qw the Skirmisher (level 5, -1/30 HPs)
             Began as a Deep Elf Hunter on June 24, 2023.
             Slain by a gnoll
             ... wielding a +0 spear
              (5 damage)
             ... on level 2 of the Dungeon.
             The game lasted 00:00:30 (1086 turns).

qw the Skirmisher (Deep Elf Hunter)                 Turns: 1086, Time: 00:00:30

Health: -1/30      AC:  4    Str: 10    XL:     5   Next: 95%
Magic:  7/7        EV:  6    Int: 14    God:
Gold:   142        SH:  0    Dex: 18    Spells: 4/4 levels left

rFire   . . .        Y - +0 shortbow
rCold   . . .        (shield currently unavailable)
rNeg    . . .        c - +0 leather armour
rPois   .            (no helmet)
rElec   .            (no cloak)
rCorr   .            (no gloves)
SInv    .            a - +0 pair of boots
Will    .....        (no amulet)
Stlth   ++           (no ring)
HPRegen 0.25/turn    (no ring)
MPRegen 0.10/turn

%: no passive effects
@: held
A: no striking features
a: no special abilities


You were on level 2 of the Dungeon.
You visited 1 branch of the dungeon, and saw 3 of its levels.

You collected 142 gold pieces.


   Skills:
 + Level 1.7 Fighting
 - Level 9.2 Ranged Weapons
 - Level 3.0 Dodging
 - Level 1.2 Stealth


You had 4 spell levels left.
You didn't know any spells.
Your spell library was empty.

Inventory:

Hand Weapons
 Y - a +0 shortbow (weapon)
Armour
 a - a +0 pair of boots (worn)
 c - a +0 leather armour (worn)
 d - a +0 ring mail
Scrolls
 b - 3 scrolls of identify
Potions
 e - a potion of haste {unknown}
 f - a potion of brilliance {unknown}
 g - a potion of enlightenment {unknown}

Dungeon Overview and Level Annotations

Branches:
Dungeon (3/15)

Altars:


Message History

You shoot an arrow. The arrow hits the gnoll.
The gnoll is heavily wounded.
You shoot an arrow. The arrow barely misses the gnoll.
Something unseen breaks down the door.
You shoot an arrow. The arrow hits the gnoll.
The gnoll is heavily wounded.
The gnoll hits you with a +0 club.
You shoot an arrow. The arrow closely misses the gnoll.
The gnoll hits you with a +0 club! The gnoll closely misses you.
You shoot an arrow. The arrow hits the gnoll.
The gnoll is heavily wounded.
The gnoll misses you.
You shoot an arrow. The arrow hits the gnoll.
The gnoll is almost dead.
The gnoll hits you with a +0 club.
You shoot an arrow. The arrow hits the gnoll.
The gnoll is almost dead.
The gnoll hits you but does no damage. The gnoll closely misses you.
You shoot an arrow. The arrow closely misses the gnoll.
The gnoll closely misses you. The gnoll barely misses you.
You shoot an arrow. The arrow barely misses the gnoll.
The gnoll hits you with a +0 club. The gnoll closely misses you.
You shoot an arrow.
The arrow hits the gnoll but does no damage.
The gnoll is almost dead.
The gnoll misses you. x2
You shoot an arrow. The arrow hits the gnoll.
You kill the gnoll!
The gnoll hits you from afar with a +0 spear!
1083 ||| Stepping ~*~*~tactically~*~*~ (outnumbered).
There is an open door here.
You shoot an arrow.
The arrow hits the gnoll but does no damage.
You shoot an arrow. The arrow hits the gnoll!
The gnoll is heavily wounded.
The gnoll throws a throwing net.
The throwing net hits you.
You become entangled in the net!
The gnoll hits you with a +0 spear.
You struggle against the net.
The gnoll hits you with a +0 spear.
You die...

#<...............# #..........#..
##########%......#...####..######
#.......#... ##......%
#.......#...# ###..... #.###.###
.# ##.... #'###.#####.## #....
......g).....# #....
.....###g...## #....
.....g.@....# #.... .....###....#
#.... ... #....# #.### .
###....########.#
+.......%.......#
###....########## #....# #....#
#....#


You could see 2 gnolls.

Vanquished Creatures
  Grinder (D:3)
  A gnoll (D:2)
  2 adders
  A worm (D:3)
  A dart slug (D:1)
  An orc (D:2)
  A ball python (D:1)
  3 bats
  3 endoplasms
  A giant cockroach (D:2)
  6 hobgoblins
  3 jackals (D:2)
  A quokka (D:2)
  3 frilled lizards
  3 goblins (D:1)
  2 kobolds
  3 rats
36 creatures vanquished.

Notes
Turn   | Place    | Note
-------+----------+-------------------------------------------
     0 | D:1      | qw the Deep Elf Hunter began the quest for the Orb.
     0 | D:1      | Reached XP level 1. HP: 12/12 MP: 3/3
     0 | D:1      | 0 ||| qw: Version: 0.3-a-9-g12657ce
     0 | D:1      | 0 ||| qw: Game counter: 4846
     0 | D:1      | 0 ||| qw: Always use a shield: true
     0 | D:1      | 0 ||| qw: God list: Okawaru
     0 | D:1      | 0 ||| qw: Allow faded altars: false
     0 | D:1      | 0 ||| qw: Do Orc after D:15 true
     0 | D:1      | 0 ||| qw: Do second Lair branch before Depths: true
     0 | D:1      | 0 ||| qw: Lair rune preference: random
     0 | D:1      | 0 ||| qw: Plans: Normal
     0 | D:1      | 0 ||| PLANNING D:1-11
    59 | D:1      | Reached XP level 2. HP: 16/16 MP: 4/4
    65 | D:1      | Reached skill level 6 in Ranged Weapons
   450 | D:1      | 450 ||| READING 2 scrolls labelled RUPOSCH VAIFUSA.
   451 | D:1      | 451 ||| DROPPING scroll of revelation.
   452 | D:1      | 452 ||| DROPPING scroll of butterflies.
   505 | D:2      | You fall into a shaft and drop 1 floor!
   590 | D:3      | Reached XP level 3. HP: 20/20 MP: 5/5
   620 | D:3      | Noticed Grinder
   623 | D:3      | Paralysed by Grinder for 5 turns
   628 | D:3      | HP: 2/20 [Grinder/nerve-wracking pain (10)]
   650 | D:3      | Killed Grinder
   651 | D:3      | Reached skill level 9 in Ranged Weapons
   651 | D:3      | Reached XP level 4. HP: 9/25 MP: 6/6
   651 | D:3      | Reached XP level 5. HP: 11/29 MP: 7/7
   895 | D:3      | 895 ||| UPGRADING to +0 pair of boots.
   900 | D:3      | 900 ||| READING 3 scrolls labelled BEMIORH ALUL.
   901 | D:3      | 901 ||| READING 2 scrolls of identify.
   901 | D:3      | 901 ||| IDENTIFYING fuming pink potion
   902 | D:3      | 902 ||| DROPPING potion of lignification.
   938 | D:2      | Found a faded altar of an unknown god.
  1025 | D:2      | Reached skill level 3 in Dodging
  1070 | D:2      | 1070 ||| Stepping ~*~*~tactically~*~*~ (outnumbered).
  1083 | D:2      | 1083 ||| Stepping ~*~*~tactically~*~*~ (outnumbered).
  1085 | D:2      | HP: 4/30 [gnoll/+0 spear (5)]
  1086 | D:2      | Slain by a gnoll

Levels and vault maps discovered:
D:1:      dpeg_arrival_radiant, layout_rooms
D:2:      layout_basic, ebering_ecumenical_altar_box, basic_altar
D:3:      layout_rooms, kennysheep_path_1, uniq_grinder

Skill      XL: |  1  2  3  4  5 |
---------------+----------------+-----
Ranged Weapons | 6 9 |  9.2
Dodging        | 3 |  3.0
Fighting       | |  1.7
Stealth        | |  1.2

Action                     |  1- 3 |  4- 6 || total
---------------------------+-------+-------++-------
   Fire: Shortbow          |    64 |    58 ||   122
    Use: Scroll            |     1 |     2 ||     3
 Armour: Leather armour    |     3 |     4 ||     7
  Dodge: Dodged            |     2 |    14 ||    16

Table legend:
 A = Non-vault XP
 B = Vault XP
 C = Vault XP percentage of total XP
 D = Non-vault monster count
 E = Vault monster count
 F = Vault count percentage of total count
                 A         B        C        D         E       F
            +---------+---------+-------+---------+---------+-------
      Total |      99 |     272 |  73.3 |      35 |       1 |   2.8
            +---------+---------+-------+---------+---------+-------
        D:1 |      22 |       0 |   0.0 |      13 |       0 |   0.0
        D:2 |      52 |       0 |   0.0 |      15 |       0 |   0.0
        D:3 |      25 |     272 |  91.6 |       7 |       1 |  12.5
            +---------+---------+-------+---------+---------+-------
